 Dungeon Crawl Stone Soup version 0.25-a0-294-gea9b1ad (webtiles) character file.

Game seed: 2306529854259148065, levelgen mode: deterministic

43587 CanisDingus the Coward (level 14, -24/110 HPs)
             Began as a Gnoll Skald on Dec 16, 2019.
             Was the Champion of Okawaru (penitent).
             Hit by a large rock thrown by a stone giant (37 damage)
             ... created by the fury of Okawaru
             ... on level 1 of the Orcish Mines.
             The game lasted 00:59:45 (14904 turns).

CanisDingus the Coward (Gnoll Skald)               Turns: 14904, Time: 00:59:46

Health: -24/110    AC: 16    Str: 15    XL:     14   Next: 24%
Magic:  28/28      EV: 21    Int: 19    God:    Okawaru [*]
Gold:   1376       SH: 11    Dex: 16    Spells: 21/33 levels left

rFire    . . .     SeeInvis +   W - +4 trident (vamp)
rCold    . . .     Gourm    .   C - +0 shield {rPois}
rNeg     . . .     Faith    .   V - +0 acid dragon scales
rPois    +         Spirit   .   h - +2 helmet
rElec    .         Reflect  .   l - scarf {cloud immunity}
rCorr    +         Harm     .   L - +1 pair of gloves {archery}
MR       +....                  A - +1 pair of boots of Byfruso {Str-3 Int+4 Slay+6}
Stlth    ++++......             f - amulet of regeneration
HPRegen  0.68/turn              o - ring of see invisible
MPRegen  0.21/turn              O - +4 ring of evasion

@: studying Invocations
A: distributed training, fangs 1, strong nose
a: Renounce Religion


You were on level 1 of the Orcish Mines.
You worshipped Okawaru.
Okawaru was demanding penance.
You were not hungry.

You visited 3 branches of the dungeon, and saw 18 of its levels.

You collected 1560 gold pieces.
You spent 184 gold pieces at shops.

Inventory:

Hand Weapons
 W - a +4 vampiric trident (weapon)
Missiles
 p - 27 boomerangs (quivered)
Armour
 h - a +2 helmet (worn)
 l - a scarf of cloud immunity (worn)
 A - the +1 pair of boots of Byfruso (worn) {Str-3 Int+4 Slay+6}
   (Okawaru gifted it to you on level 6 of the Lair of Beasts)

   It affects your strength (-3).
   It affects your intelligence (+4).
   It affects your accuracy and damage with ranged weapons and melee attacks
   (+6).
 C - a +0 shield of poison resistance (worn)
 H - a +2 large shield
 L - a +1 pair of gloves of archery (worn)
 V - +0 acid dragon scales (worn)
Magical Staves
 t - an uncursed staff of air
Jewellery
 f - an amulet of regeneration (around neck)
 m - an uncursed ring of protection from fire
 o - a ring of see invisible (left hand)
 r - a +3 ring of intelligence
 z - an uncursed ring of fire
 O - a +4 ring of evasion (right hand)
Wands
 q - a wand of scattershot (6)
 B - a wand of acid (20)
 D - a wand of paralysis (26)
 E - a wand of iceblast (9)
 I - a wand of digging (7)
 J - a wand of random effects (18)
 N - a wand of flame (21)
Scrolls
 c - 6 scrolls of identify
 e - 11 scrolls of teleportation
 g - a scroll of amnesia
 k - 2 scrolls of blinking
 x - 2 scrolls of magic mapping
 y - 2 scrolls of fear
 G - 9 scrolls of remove curse
 M - a scroll of holy word
 Q - 3 scrolls of enchant armour
 R - a scroll of silence
Potions
 a - 2 potions of haste
 b - 6 potions of curing
 i - 5 potions of lignification
 j - 5 potions of ambrosia
 n - 3 potions of resistance
 s - 5 potions of magic
 w - 3 potions of might
 F - a potion of brilliance
 K - 2 potions of flight
 P - a potion of agility
 S - a potion of mutation
 T - 2 potions of heal wounds
Books
 v - a manual of Invocations
Comestibles
 d - 29 rations
 u - 2 chunks of flesh


   Skills:
 + Level 10.0 Fighting
 + Level 8.9 Short Blades
 + Level 8.9 Long Blades
 + Level 8.9 Axes
 + Level 8.9 Maces & Flails
 + Level 10.0 Polearms
 + Level 8.9 Staves
 + Level 8.9 Slings
 + Level 8.9 Bows
 + Level 8.9 Crossbows
 + Level 8.9 Throwing
 + Level 9.3 Armour
 + Level 10.0 Dodging
 + Level 8.9 Stealth
 + Level 8.9 Shields
 + Level 8.9 Unarmed Combat
 + Level 10.2 Spellcasting
 + Level 7.4 Conjurations
 + Level 7.4 Hexes
 + Level 9.3 Charms
 + Level 7.4 Summonings
 + Level 7.4 Necromancy
 + Level 7.4 Translocations
 + Level 7.4 Transmutations
 + Level 7.4 Fire Magic
 + Level 7.4 Ice Magic
 + Level 7.4 Air Magic
 + Level 7.4 Earth Magic
 + Level 7.4 Poison Magic
 + Level 13.0 Invocations
 + Level 8.9 Evocations


You had 21 spell levels left.
You knew the following spells:

 Your Spells              Type           Power        Failure   Level  Hunger
a - Infusion              Chrm           ####         1%          1    None
b - Regeneration          Chrm/Necr      #####.....   1%          3    None
c - Spectral Weapon       Hex/Chrm       #####...     1%          3    None
d - Inner Flame           Hex/Fire       #####...     3%          3    None
e - Confusing Touch       Hex            #####.       1%          1    None
f - Animate Skeleton      Necr           N/A          1%          1    None

Your spell library contained the following spells:

 Spells                   Type           Power        Failure   Level  Hunger
 Apportation              Tloc           #####.       1%          1    None
 Beastly Appendage        Tmut           #####.       1%          1    None
 Foxfire                  Conj/Fire      ####         1%          1    None
 Summon Small Mammal      Summ           ####         1%          1    None
 Shroud of Golubria       Chrm/Tloc      #####.       1%          2    None
 Song of Slaying          Chrm           #####...     1%          2    None
 Sticks to Snakes         Tmut           #####...     1%          2    None
 Conjure Flame            Conj/Fire      #####...     3%          3    None
 Spider Form              Tmut/Pois      #####.....   3%          3    None
 Ice Form                 Ice/Tmut       #####...     10%         4    ##.....
 Sticky Flame             Conj/Fire      #####...     10%         4    ##.....
 Blade Hands              Tmut           #####.....   28%         5    #####..
 Fireball                 Conj/Fire      #####.....   28%         5    #####..


Dungeon Overview and Level Annotations

Branches:
Dungeon (11/15)            Temple (0/1) D:7            Lair (6/6) D:8
  Swamp (0/4) Lair:3       Spider (0/4) Lair:3        Slime (0/5) Lair:6
    Orc (1/2) D:11

Altars:
Cheibriados
Dithmenos
Elyvilon
Fedhas
Gozag
Hepliaklqana
Nemelex Xobeh
Okawaru
Ru
Sif Muna
Uskayaw
Xom
Zin

Shops:
D:6 ![=   D:8 ?   Orc:1 [

Annotations:
Lair:5 1 runed translucent door, Orhoha Sudd's ghost, journeyman MiBe
Lair:6 exclusion: 4 oklob plants
Orc:1 Erica


Innate Abilities, Weirdness & Mutations

Your experience applies equally to all skills.
You have very sharp teeth.
Your uncanny sense of smell can sniff out nearby items.


Message History

The naga warrior grabs you.
* * * LOW HITPOINT WARNING * * *
The naga warrior constricts you.
You escape the naga warrior's grasp.
The stone giant hits your spectral weapon!!
Your spectral weapon shares its damage with you!
Your spectral weapon fades away.
* * * LOW HITPOINT WARNING * * *
There is a large open door, spattered with blood here.
You close the large door.
The stone giant throws a large rock.
The large rock misses you.
The large rock disappears in a puff of smoke!
You feel much better.
The stone giant throws a large rock.
You block the large rock.
The large rock disappears in a puff of smoke!
The stone giant throws a large rock.
The large rock hits you!!
* * * LOW HITPOINT WARNING * * *
The large rock disappears in a puff of smoke!
The stone giant throws a large rock.
The large rock hits you!!!
You die...

....###..........## ##....
.....###.#......## #....
......#.#......## #.###
.........#.#..## #.#..
..........#....#######.#..
.......#........##..##.#.#
.#.....#........C....#.+.#
........[........#...#.+.#
.........@#...#.###.).C#.#
.....#.#..##...#####...#CN
....###....#...##.#....#N.
.#.# ##..###.##.......###
. #### ####...)).....
##....[[.....
#...#)#......
##.#......... ####....##..


You could see a stone giant.

Vanquished Creatures
  A white draconian (Orc:1)
  A fire dragon (Lair:6)
  7 hydras
  3 two-headed ogres
  A death yak (Lair:5)
  An orc high priest (Orc:1)
  Pikel (D:7)
  A lindwurm (Lair:6)
  2 ugly things (D:11)
  3 orc sorcerers (Orc:1)
  A cyclops (D:10)
  5 elephants
  Joseph (D:9)
  A black mamba (Lair:6)
  A molten gargoyle (Lair:6)
  6 spiny frogs
  2 gargoyles
  A spiny frog (shapeshifter) (D:10)
  2 kobold demonologists (D:11)
  A rime drake (Lair:4)
  3 komodo dragons
  3 polar bears
  A troll (D:11)
  Prince Ribbit (D:8)
  A bog body (Lair:3)
  8 hippogriffs
  A shadow (D:11)
  33 yaks
  5 wyverns (Lair:6)
  Eustachio (D:6)
  7 basilisks
  2 hungry ghosts
  3 steam dragons
  A vampire mosquito (D:10)
  Menkaure (D:5)
  4 wargs
  A naga (Orc:1)
  Edmund (D:6)
  Duvessa (D:6)
  2 acid dragons
  11 water moccasins
  5 porcupines
  3 hell hounds (Lair:6)
  7 sky beasts
  2 black bears
  3 ice beasts
  15 orc warriors
  2 necrophages (D:9)
  7 ogres
  An eye of draining (D:11)
  6 wolves (Lair:3)
  9 centaurs
  2 big kobolds (D:11)
  11 crocodiles
  A gnoll sergeant (D:10)
  9 bullfrogs
  Dowan (D:6)
  3 scorpions
  4 bullfrog zombies
  A lava snake (Lair:6)
  2 crimson imps
  4 centaur zombies
  8 jellies
  8 orc priests
  A gnoll shaman (D:5)
  4 hounds
  14 orc wizards
  3 bullfrog skeletons
  2 centaur skeletons (D:7)
  5 iguanas
  7 worker ants
  A hound skeleton (D:5)
  3 worker ant zombies
  8 gnolls
  A howler monkey skeleton (D:10)
  11 adders
  7 oozes
  An adder zombie (D:9)
  2 adder skeletons
  2 worms (D:3)
  2 dart slugs
  6 leopard geckos
  48 orcs
  2 ball pythons
  4 giant cockroaches
  9 goblins
  8 hobgoblins
  8 jackals
  10 quokkas
  15 bats
  2 frilled lizards
  A jackal zombie (D:5)
  11 kobolds
  A leopard gecko zombie (D:5)
  4 rats
  A plant (D:10)
  5 spectral weapons
456 creatures vanquished.

Vanquished Creatures (collateral kills)
  A hydra (Lair:4)
  An elephant (Lair:6)
  2 black mambas
  A molten gargoyle (Lair:6)
  3 spiny frogs
  A rime drake (Lair:2)
  3 komodo dragons
  A polar bear (Lair:3)
  A bog body (Lair:3)
  A yak (Lair:6)
  A basilisk (Lair:6)
  A steam dragon (Lair:6)
  A hell hound (Lair:6)
  A porcupine (Lair:4)
  2 crocodiles
  A bullfrog (Lair:5)
  A lava snake (Lair:6)
  An ooze (Lair:6)
  2 orcs (Orc:1)
  3 fungi
29 creatures vanquished.

Vanquished Creatures (others)
  A redback (Lair:3)
  A yak (D:9)
  A wyvern (Lair:6)
  An orc warrior (D:9)
  2 crocodiles (Lair:6)
  A killer bee (D:9)
  An iguana (D:7)
  A gnoll (D:9)
  An adder skeleton (D:7)
  2 fungi
  10 plants
  15 spectral weapons
37 creatures vanquished.

Grand Total: 522 creatures vanquished

Notes
Turn   | Place    | Note
-------+----------+-------------------------------------------
     0 | D:1      | CanisDingus the Gnoll Skald began the quest for the Orb.
     0 | D:1      | Reached XP level 1. HP: 20/20 MP: 6/6
   142 | D:1      | Reached XP level 2. HP: 22/26 MP: 7/7
   446 | D:1      | You fall into a shaft and drop 1 floor!
   480 | D:2      | Reached XP level 3. HP: 30/31 MP: 2/9
   488 | D:2      | Learned a level 3 spell: Regeneration
   492 | D:2      | Learned a level 3 spell: Spectral Weapon
   534 | D:2      | Reached skill level 5 in Spellcasting
  1004 | D:2      | Found a sacrificial altar of Ru.
  1035 | D:2      | Found a hazy altar of Hepliaklqana.
  1164 | D:2      | Reached skill level 1 in Invocations
  1190 | D:2      | Found a faded altar of an unknown god.
  1485 | D:3      | Reached skill level 1 in Short Blades
  1485 | D:3      | Reached skill level 1 in Long Blades
  1485 | D:3      | Reached skill level 1 in Axes
  1485 | D:3      | Reached skill level 1 in Maces & Flails
  1485 | D:3      | Reached skill level 1 in Staves
  1485 | D:3      | Reached skill level 1 in Slings
  1485 | D:3      | Reached skill level 1 in Bows
  1485 | D:3      | Reached skill level 1 in Crossbows
  1485 | D:3      | Reached skill level 1 in Throwing
  1485 | D:3      | Reached skill level 1 in Stealth
  1485 | D:3      | Reached skill level 1 in Shields
  1485 | D:3      | Reached skill level 1 in Unarmed Combat
  1485 | D:3      | Reached skill level 1 in Evocations
  1503 | D:3      | Reached XP level 4. HP: 38/38 MP: 11/11
  1698 | D:3      | Reached skill level 1 in Conjurations
  1698 | D:3      | Reached skill level 1 in Hexes
  1698 | D:3      | Reached skill level 1 in Summonings
  1698 | D:3      | Reached skill level 1 in Necromancy
  1698 | D:3      | Reached skill level 1 in Translocations
  1698 | D:3      | Reached skill level 1 in Transmutations
  1698 | D:3      | Reached skill level 1 in Fire Magic
  1698 | D:3      | Reached skill level 1 in Ice Magic
  1698 | D:3      | Reached skill level 1 in Air Magic
  1698 | D:3      | Reached skill level 1 in Earth Magic
  1698 | D:3      | Reached skill level 1 in Poison Magic
  1747 | D:3      | Learned a level 1 spell: Confusing Touch
  1817 | D:3      | Reached XP level 5. HP: 43/43 MP: 8/12
  1969 | D:3      | Found a shimmering blue altar of Sif Muna.
  2308 | D:4      | Noticed a centaur
  2313 | D:4      | Noticed a centaur
  2318 | D:4      | Killed a centaur
  2318 | D:4      | Reached skill level 2 in Invocations
  2318 | D:4      | Reached XP level 6. HP: 27/50 MP: 9/13
  2322 | D:4      | Reached skill level 5 in Fighting
  2322 | D:4      | Reached skill level 5 in Polearms
  2322 | D:4      | Reached skill level 5 in Dodging
  2466 | D:4      | Found a hide-covered altar of Uskayaw.
  2466 | D:4      | Found a white marble altar of Elyvilon.
  2640 | D:4      | Reached XP level 7. HP: 56/56 MP: 11/15
  2912 | D:5      | Entered Level 5 of the Dungeon
  2972 | D:5      | Reached skill level 3 in Invocations
  3167 | D:5      | Noticed Menkaure
  3174 | D:5      | Killed Menkaure
  3248 | D:5      | Reached XP level 8. HP: 63/63 MP: 13/16
  3278 | D:5      | Reached skill level 4 in Invocations
  3370 | D:5      | Found a shadowy altar of Dithmenos.
  3391 | D:5      | Found an opulent altar of Gozag.
  3391 | D:5      | Found a sparkling altar of Nemelex Xobeh.
  3613 | D:6      | Found Zoitt's Jewellery Emporium.
  3661 | D:6      | Found a sacrificial altar of Ru.
  3711 | D:6      | Found Kucletei's General Store.
  3727 | D:6      | Found Moanuilo's Distillery.
  3731 | D:6      | Noticed Eustachio
  3745 | D:6      | Killed Eustachio
  3749 | D:6      | Bought a potion of heal wounds for 65 gold pieces
  4087 | D:6      | Noticed Duvessa
  4088 | D:6      | Noticed Dowan
  4109 | D:6      | Killed Duvessa
  4109 | D:6      | Reached skill level 5 in Invocations
  4113 | D:6      | Killed Dowan
  4168 | D:6      | Reached XP level 9. HP: 63/69 MP: 15/18
  4229 | D:6      | Found a glowing silver altar of Zin.
  4341 | D:6      | Found an iron altar of Okawaru.
  4351 | D:6      | Noticed Edmund
  4366 | D:6      | Killed Edmund
  4375 | D:6      | Became a worshipper of Warmaster Okawaru
  4428 | D:6      | Found a snail-covered altar of Cheibriados.
  4479 | D:6      | Found Kyvokhub's Armour Boutique.
  4484 | D:6      | Bought a +0 shield of poison resistance for 119 gold pieces
  4583 | D:7      | Noticed Pikel
  4598 | D:7      | Killed Pikel
  4598 | D:7      | Reached skill level 5 in Armour
  4598 | D:7      | Reached skill level 6 in Invocations
  4709 | D:7      | Got a fine ring mail
  4720 | D:7      | Identified the +0 ring mail of Geiv Fom {rCorr Str+3 Dex-2}
                  | (You found it on level 7 of the Dungeon)
  4730 | D:7      | Reached * piety under Okawaru
  4748 | D:7      | Found a staircase to the Ecumenical Temple.
  5022 | D:7      | Reached skill level 7 in Invocations
  5141 | D:8      | Noticed Prince Ribbit
  5153 | D:8      | Reached XP level 10. HP: 59/77 MP: 17/20
  5163 | D:8      | Killed Prince Ribbit
  5163 | D:8      | Reached ** piety under Okawaru
  5173 | D:8      | Found Useosut's Magic Scroll Emporium.
  5184 | D:8      | Found a staircase to the Lair.
  5184 | D:8      | Noticed an elephant
  5220 | D:7      | Killed an elephant
  5351 | D:8      | Reached skill level 5 in Short Blades
  5351 | D:8      | Reached skill level 5 in Long Blades
  5351 | D:8      | Reached skill level 5 in Axes
  5351 | D:8      | Reached skill level 5 in Maces & Flails
  5351 | D:8      | Reached skill level 5 in Staves
  5351 | D:8      | Reached skill level 5 in Slings
  5351 | D:8      | Reached skill level 5 in Bows
  5351 | D:8      | Reached skill level 5 in Crossbows
  5351 | D:8      | Reached skill level 5 in Throwing
  5351 | D:8      | Reached skill level 5 in Stealth
  5351 | D:8      | Reached skill level 5 in Shields
  5351 | D:8      | Reached skill level 5 in Unarmed Combat
  5351 | D:8      | Reached skill level 5 in Evocations
  5825 | Lair:1   | Entered Level 1 of the Lair of Beasts
  5873 | Lair:1   | Reached *** piety under Okawaru
  5881 | Lair:1   | Reached skill level 8 in Invocations
  5889 | Lair:1   | Noticed a spiny frog
  5990 | Lair:1   | Learned a level 1 spell: Animate Skeleton
  6036 | Lair:1   | Killed a spiny frog
  6080 | Lair:1   | Noticed a spiny frog
  6087 | Lair:1   | Killed a spiny frog
  6087 | Lair:1   | Received a gift from Okawaru
  6114 | Lair:1   | Reached **** piety under Okawaru
  6197 | Lair:1   | Reached XP level 11. HP: 65/84 MP: 19/22
  6382 | Lair:1   | Noticed an eight-headed hydra
  6611 | Lair:2   | Reached skill level 9 in Invocations
  6720 | Lair:2   | Reached skill level 5 in Conjurations
  6720 | Lair:2   | Reached skill level 5 in Hexes
  6720 | Lair:2   | Reached skill level 5 in Summonings
  6720 | Lair:2   | Reached skill level 5 in Necromancy
  6720 | Lair:2   | Reached skill level 5 in Translocations
  6720 | Lair:2   | Reached skill level 5 in Transmutations
  6720 | Lair:2   | Reached skill level 5 in Fire Magic
  6720 | Lair:2   | Reached skill level 5 in Ice Magic
  6720 | Lair:2   | Reached skill level 5 in Air Magic
  6720 | Lair:2   | Reached skill level 5 in Earth Magic
  6720 | Lair:2   | Reached skill level 5 in Poison Magic
  6742 | Lair:2   | Reached ***** piety under Okawaru
  7085 | Lair:3   | Noticed a four-headed hydra
  7093 | Lair:3   | Killed a four-headed hydra
  7193 | Lair:3   | Received a gift from Okawaru
  7214 | Lair:3   | HP: 3/86 [steam dragon/ball of steam (17)]
  7242 | Lair:3   | Found a hole to the Spider Nest.
  7583 | Lair:3   | Found a staircase to the Swamp.
  8186 | Lair:4   | Noticed a four-headed hydra
  8197 | Lair:4   | Killed a four-headed hydra
  8197 | Lair:4   | Reached skill level 10 in Invocations
  8244 | Lair:4   | Received a gift from Okawaru
  8405 | Lair:4   | Reached XP level 12. HP: 93/93 MP: 21/24
  8428 | Lair:4   | Received a gift from Okawaru
  8455 | Lair:4   | Noticed a seven-headed hydra
  8467 | Lair:4   | Killed a seven-headed hydra
  8467 | Lair:4   | Received a gift from Okawaru
  8794 | Lair:5   | Noticed a seven-headed hydra
  8875 | Lair:5   | Received a gift from Okawaru
  8924 | Lair:5   | Killed a seven-headed hydra
  9060 | Lair:5   | Found a runed translucent door.
  9061 | Lair:5   | Noticed Orhoha Sudd's ghost (journeyman MiBe)
  9569 | Lair:6   | Entered Level 6 of the Lair of Beasts
  9762 | Lair:6   | Noticed a four-headed hydra
  9772 | Lair:6   | Killed a four-headed hydra
  9826 | Lair:6   | HP: 4/94 [elephant (2)]
  9920 | Lair:6   | Noticed a death yak
  9945 | Lair:6   | Reached skill level 11 in Invocations
 10023 | Lair:5   | Killed a death yak
 10119 | Lair:6   | Noticed an eight-headed hydra
 10119 | Lair:6   | Noticed a six-headed hydra
 10159 | Lair:6   | Noticed an eight-headed hydra
 10168 | Lair:6   | Killed an eight-headed hydra
 10168 | Lair:6   | Reached ****** piety under Okawaru
 10414 | Lair:6   | Received a gift from Okawaru
 10415 | Lair:6   | Got a pair of twisted boots {god gift}
 10450 | Lair:6   | Identified the +1 pair of boots of Byfruso {Str-3 Int+4
                  | Slay+6} (Okawaru gifted it to you on level 6 of the Lair of
                  | Beasts)
 10476 | Lair:6   | Reached XP level 13. HP: 38/101 MP: 23/26
 10520 | Lair:6   | Noticed a fire dragon
 10520 | Lair:6   | Found a large runed translucent door.
 10564 | Lair:6   | Found a staircase to the Slime Pits.
 11076 | Lair:6   | Found a large runed translucent door.
 11123 | Lair:6   | Killed a fire dragon
 11123 | Lair:6   | Reached skill level 12 in Invocations
 11244 | Lair:6   | Found a shimmering blue altar of Sif Muna.
 12059 | D:9      | Noticed Joseph
 12073 | D:9      | Killed Joseph
 12241 | D:9      | Found a shimmering altar of Xom.
 12341 | D:9      | Learned a level 3 spell: Inner Flame
 12588 | D:9      | Found a blossoming altar of Fedhas.
 12675 | D:10     | Entered Level 10 of the Dungeon
 12773 | D:10     | Received a gift from Okawaru
 12902 | D:10     | Received a gift from Okawaru
 13947 | D:11     | Reached skill level 10 in Spellcasting
 13997 | D:11     | Found a staircase to the Orcish Mines.
 14145 | D:11     | Reached XP level 14. HP: 109/109 MP: 19/28
 14483 | Orc:1    | Entered Level 1 of the Orcish Mines
 14483 | Orc:1    | Found Teohafie's Antique Armour Shop.
 14620 | Orc:1    | Was placed under penance by Okawaru
 14660 | Orc:1    | Reached skill level 10 in Fighting
 14660 | Orc:1    | Reached skill level 10 in Polearms
 14660 | Orc:1    | Reached skill level 10 in Dodging
 14660 | Orc:1    | Reached skill level 13 in Invocations
 14704 | Orc:1    | Noticed Erica
 14744 | Orc:1    | Noticed a stone giant
 14744 | Orc:1    | Noticed a white draconian
 14881 | Orc:1    | Killed a white draconian
 14904 | Orc:1    | Hit by a large rock thrown by a stone giant

Levels and vault maps discovered:
D:1:      minmay_arrival_stone_box, layout_loops_corners,
          kennysheep_decorative_pillar, nrook_loot_triangle,
          minmay_misc_feat_encased
D:2:      layout_basic, old_standard_altar, old_standard_altar,
          chequers_ecumenical_altar_island, nrook_mini_backslash, minivault_11,
          chequers_serial_rivers_micro_a, lemuel_flame_loot_1
D:3:      layout_basic, tgw_sif, first_ration, roderic_batcave,
          grunt_ministairs_14, minmay_ruptured
D:4:      layout_loops_ring, chequers_temple_overflow_statue_of_worship,
          minmay_manual_mares
D:5:      layout_loops_ring, grunt_temple_overflow_opulence,
          grunt_dithmenos_smoke, minmay_starry_boxes, uniq_menkaure
D:6:      mumra_celtic_spiral_tile, layout_rooms, marbit_many_paths,
          lemuel_coloured_pillars_altar, okawaru_gym_becter, serial_shops, shop,
          nicolae_shop_temple_entry_statues_fountains, shop_statue, shop,
          nicolae_ru_great_annihilating_truth, uniq_duvessa, uniq_eustachio,
          uniq_edmund
D:7:      layout_rooms, minmay_temple_entry_overgrown,
          kennysheep_generic_room_5, uniq_pikel
D:8:      layout_loops_ring, david_lair_generic, serial_shops, shop,
          hangedman_little_slice_of_home, uniq_prince_ribbit1
D:9:      layout_irregular_city, kennysheep_mini, xom_confusion_cloud,
          solitary_fountain, uniq_joseph
D:10:     minmay_bubble_buster, layout_loops_ring, amethyst_killhole,
          minmay_misc_feat_cross, minmay_shattered_shrine
D:11:     layout_long_grid, david_orc_1_choice
Lair:1:   layout_regular_city, grunt_megastairs_3, infiniplex_staircase_pool_2
Lair:2:   layout_big_grid, beast_lair_carwin_1
Lair:3:   layout_cave_pods, skrybe_swamp_entry_bodies, spider_nest_entry_rubble
Lair:4:   layout_hall_layers, small_statue_intersection
Lair:5:   layout_gridlike, ebering_ghost_reflecting_pool
Lair:6:   cheibrodos_lair_end_hotspot, layout_hall_layers,
          nicolae_slime_entry_slimehenge, lemuel_centaur_altar,
          infiniplex_staircase_pool, minmay_lair_oklob_chamber
Orc:1:    layout_caves, serial_shops, nicolae_shop_competitors_out_of_business,
          guppyfry_library_mini, uniq_erica

Skill      XL: |  1  2  3  4  5  6  7  8  9 10 11 12 13 14 |
---------------+-------------------------------------------+-----
Spellcasting   | 5 6 7 8 9 10 | 10.2
Invocations    | 1 2 3 5 7 8 10 11 12 13 | 13.0
Short Blades   | 1 2 3 4 5 6 7 8 |  8.9
Long Blades    | 1 2 3 4 5 6 7 8 |  8.9
Axes           | 1 2 3 4 5 6 7 8 |  8.9
Maces & Flails | 1 2 3 4 5 6 7 8 |  8.9
Staves         | 1 2 3 4 5 6 7 8 |  8.9
Slings         | 1 2 3 4 5 6 7 8 |  8.9
Bows           | 1 2 3 4 5 6 7 8 |  8.9
Crossbows      | 1 2 3 4 5 6 7 8 |  8.9
Throwing       | 1 2 3 4 5 6 7 8 |  8.9
Stealth        | 1 2 3 4 5 6 7 8 |  8.9
Shields        | 1 2 3 4 5 6 7 8 |  8.9
Unarmed Combat | 1 2 3 4 5 6 7 8 |  8.9
Evocations     | 1 2 3 4 5 6 7 8 |  8.9
Conjurations   | 1 2 3 4 5 6 7 |  7.4
Hexes          | 1 2 3 4 5 6 7 |  7.4
Summonings     | 1 2 3 4 5 6 7 |  7.4
Necromancy     | 1 2 3 4 5 6 7 |  7.4
Translocations | 1 2 3 4 5 6 7 |  7.4
Transmutations | 1 2 3 4 5 6 7 |  7.4
Fire Magic     | 1 2 3 4 5 6 7 |  7.4
Ice Magic      | 1 2 3 4 5 6 7 |  7.4
Air Magic      | 1 2 3 4 5 6 7 |  7.4
Earth Magic    | 1 2 3 4 5 6 7 |  7.4
Poison Magic   | 1 2 3 4 5 6 7 |  7.4
Armour         | 3 4 5 6 7 8 9 |  9.3
Fighting       | 5 6 7 8 9 10 | 10.0
Polearms       | 5 6 7 8 9 10 | 10.0
Dodging        | 5 6 7 8 9 10 | 10.0
Charms         | 6 7 8 9 |  9.3

Action                   |  1- 3 |  4- 6 |  7- 9 | 10-12 | 13-15 || total
-------------------------+-------+-------+-------+-------+-------++-------
Melee: Spear             |   108 |    81 |       |       |       ||   189
       Bite              |    11 |     7 |    26 |    90 |    76 ||   210
       Staff             |       |     8 |       |       |       ||     8
       Trident           |       |    36 |   313 |   593 |   654 ||  1596
       Punch             |       |       |     2 |       |       ||     2
Throw: Boomerang         |       |       |     4 |     9 |     5 ||    18
 Cast: Infusion          |     1 |       |       |     3 |       ||     4
       Spectral Weapon   |     1 |    12 |    18 |    59 |    40 ||   130
       Regeneration      |       |     4 |       |    19 |     6 ||    29
       Animate Skeleton  |       |       |       |    44 |    22 ||    66
       Inner Flame       |       |       |       |       |    21 ||    21
       Confusing Touch   |       |       |       |       |     3 ||     3
Invok: Heroism           |       |       |       |       |     1 ||     1
       Finesse           |       |       |       |       |     1 ||     1
Evoke: Wand              |       |       |     1 |       |       ||     1
  Use: Scroll            |     3 |     4 |    11 |     7 |     6 ||    31
       Potion            |       |       |       |       |     2 ||     2
 Stab: Sleeping          |     5 |     1 |     7 |    15 |    10 ||    38
       Paralysed         |       |       |     2 |       |       ||     2
       Distracted        |       |       |     2 |    13 |     7 ||    22
       Invisible         |       |       |     1 |       |       ||     1
       Confused          |       |       |       |       |     2 ||     2
  Eat: Chunk             |     2 |     5 |     9 |    20 |    13 ||    49
       Ration            |       |       |       |       |     1 ||     1
Armor: Leather armour    |    18 |    20 |    13 |       |       ||    51
       Ring mail         |       |     8 |    65 |   115 |    35 ||   223
       Acid dragon scale |       |       |       |       |    81 ||    81
Dodge: Dodged            |    46 |    66 |   114 |   278 |   342 ||   846
Block: Shield            |       |       |    49 |   280 |   259 ||   588

Table legend:
 A = Non-vault XP
 B = Vault XP
 C = Vault XP percentage of total XP
 D = Non-vault monster count
 E = Vault monster count
 F = Vault count percentage of total count
                 A         B        C        D         E       F
            +---------+---------+-------+---------+---------+-------
      Total |   39274 |   22994 |  36.9 |     330 |     146 |  30.7
            +---------+---------+-------+---------+---------+-------
        D:1 |      23 |       0 |   0.0 |      12 |       0 |   0.0
        D:2 |      52 |       0 |   0.0 |      17 |       0 |   0.0
        D:3 |      80 |      91 |  53.2 |      24 |      16 |  40.0
        D:4 |     169 |     225 |  57.1 |       4 |       2 |  33.3
        D:5 |     448 |     318 |  41.5 |      19 |       5 |  20.8
        D:6 |     695 |     678 |  49.4 |      10 |       9 |  47.4
        D:7 |    1128 |    1183 |  51.2 |      16 |       4 |  20.0
        D:8 |     361 |     991 |  73.3 |       8 |      12 |  60.0
        D:9 |    1318 |     972 |  42.4 |      25 |       6 |  19.4
       D:10 |    1989 |    4425 |  69.0 |      20 |      26 |  56.5
       D:11 |    7005 |    1029 |  12.8 |      44 |       9 |  17.0
     Lair:1 |    2740 |     433 |  13.6 |      12 |       1 |   7.7
     Lair:2 |    1923 |     816 |  29.8 |       9 |       7 |  43.8
     Lair:3 |    3654 |     457 |  11.1 |      18 |       2 |  10.0
     Lair:4 |    3451 |       0 |   0.0 |      11 |       0 |   0.0
     Lair:5 |    3294 |     822 |  20.0 |      12 |       1 |   7.7
     Lair:6 |    7530 |    9268 |  55.2 |      29 |      37 |  56.1
      Orc:1 |    3414 |    1286 |  27.4 |      40 |       9 |  18.4
            +---------+---------+-------+---------+---------+-------
